 Dungeon Crawl Stone Soup version 0.13-a0-3092-g1832de8 (webtiles) character file.

1323 Glidder the Covert (level 8, -5/39 HPs)
             Began as a Spriggan Assassin on Sept 18, 2013.
             Killed from afar by an orc wizard (6 damage)
             ... with a magic dart
             ... on Level 4 of the Dungeon.
             The game lasted 00:28:50 (4873 turns).

Glidder the Covert (Spriggan Assassin)              Turns: 4873, Time: 00:28:51

HP  -5/39        AC  3     Str  7      XL: 8   Next: 13%
MP  15/15        EV 24     Int 13      God:
Gold 194         SH  0     Dex 19      Spells:  0 memorised,  7 levels left

Res.Fire  : . . .   See Invis. : +   x - +2,+3 dagger
Res.Cold  : . . .   Warding    : .   c - +0 robe (curse)
Life Prot.: . . .   Conserve   : .   (shield restricted)
Res.Poison: .       Res.Corr.  : .   (helmet restricted)
Res.Elec. : .       Clarity    : .   d - +0 cloak
Sust.Abil.: . .     Spirit.Shd : .   (gloves unavailable)
Res.Mut.  : .       Stasis     : .   (boots unavailable)
Res.Rott. : .       Flight     : .   (no amulet)
Saprovore : . . .                    (no ring)
                                     (no ring)

@: very quick, somewhat resistant to hostile enchantments, extremely stealthy
A: unfitting armour, see invisible, herbivore 3, speed 3, slow metabolism 2
a: no special abilities


You were on level 4 of the Dungeon.
You were full.

You visited 1 branch of the dungeon, and saw 4 of its levels.

You collected 144 gold pieces.

Inventory:

Hand weapons
 a - a +2,+2 dagger {=f}
 b - a +0 blowgun
 l - a -1,+1 orcish dagger
 t - a +3,+3 quarterstaff of chaos
 x - a +2,+3 dagger (weapon)
 y - a +0,+0 orcish dagger
 B - a +2,+0 elven dagger
Missiles
 e - 25 poisoned needles
 f - 2 curare-tipped needles
 h - 2 darts (quivered)
Armour
 c - a cursed +0 robe (worn)
 d - a +0 cloak (worn)
 D - a +1 robe of positive energy
Magical devices
 s - a wand of random effects (15) {unknown}
Comestibles
 g - a rambutan
 q - 2 bread rations
Scrolls
 i - 4 scrolls of remove curse {unknown}
 j - 7 scrolls of identify {unknown}
 k - 2 scrolls of random uselessness {unknown}
 n - a scroll of blinking {unknown}
 r - 2 scrolls of noise {unknown}
 u - a scroll of enchant weapon II {unknown}
 z - 3 scrolls of teleportation {unknown}
 A - a scroll of fear {unknown}
Potions
 m - a potion of heal wounds
 o - a potion of might {unknown}
 p - a potion of curing {unknown}
 v - a potion of invisibility {unknown}
 w - 3 potions of poison
 C - a potion of confusion {unknown}


   Skills:
 + Level 2.7 Fighting
 + Level 4.3 Short Blades
 + Level 4.3 Throwing
 + Level 7.9 Dodging
 + Level 10.3 Stealth


You had 7 spell levels left.
You didn't know any spells.

Dungeon Overview and Level Annotations

Branches:
Dungeon (4/27)
 Temple: D:4-7

Altars:
Okawaru
Sif Muna


Innate Abilities, Weirdness & Mutations

You are tiny and cannot use many weapons and most armour.
You have supernaturally acute eyesight.
You are a herbivore.
You cover ground extremely quickly.
You need consume almost no food.


Message History

The orc wizard completely misses you.
You hit the orc wizard but do no damage.
The orc wizard is heavily wounded.
The orc wizard misses you.
You hit the orc wizard.
The orc wizard is severely wounded.
The orc wizard gestures at you while chanting.
The magic dart hits you!
* * * LOW HITPOINT WARNING * * *
You hit the orc wizard but do no damage.
The orc wizard is severely wounded.
The orc wizard casts a spell at you. The magic dart hits you!
* * * LOW HITPOINT WARNING * * *
The orc wizard gestures at you while chanting.
The magic dart hits you!
* * * LOW HITPOINT WARNING * * *
The orc wizard casts a spell at you. The magic dart hits you!
You die...

########## #........#
########## ####........#
#........# #..+........#
###........#
..##........#######..........#
####.......))o..@..>#........#
#........#########.......(#
#........# ####.#####
######'### #..## #..# ##..##
#.## ##..# #####'##### ##.# ##
#.........# #########'###
.###.........# #...........#


You could see an orc wizard.

Vanquished Creatures
  Pikel (D:4)
  Prince Ribbit (D:3)
  Menkaure (D:4)
  An ogre (D:4)
  Crazy Yiuf (D:2)
  4 worker ants (D:4)
  A scorpion (D:4)
  3 adders
  A giant mite (D:2)
  2 worms
  6 giant geckos
  3 oozes
  6 orcs
  9 goblins
  3 hobgoblins
  5 jackals
  9 kobolds
  A quokka (D:3)
  A ball python (D:3)
  14 bats
  2 giant newts
  A gnoll skeleton (D:4)
  4 rats
  A rat skeleton (D:4)
81 creatures vanquished.

Vanquished Creatures (others)
  A slave (D:4)
  An orc wizard (D:4)
  A giant eyeball (D:4)
  An orc (D:4)
  2 hobgoblins (D:4)
6 creatures vanquished.

Grand Total: 87 creatures vanquished

Notes
Turn   | Place    | Note
--------------------------------------------------------------
     0 | D:1      | Glidder, the Spriggan Assassin, began the quest for the Orb.
     0 | D:1      | Reached XP level 1. HP: 10/10 MP: 1/1
    19 | D:1      | Reached skill level 6 in Stealth
   225 | D:1      | Reached XP level 2. HP: 9/14 MP: 3/3
   955 | D:2      | Reached XP level 3. HP: 18/18 MP: 5/5
  1015 | D:2      | Noticed Crazy Yiuf
  1021 | D:2      | Killed Crazy Yiuf
  1021 | D:2      | Reached skill level 7 in Stealth
  1356 | D:2      | Reached XP level 4. HP: 22/22 MP: 7/7
  1374 | D:2      | Found a deep blue altar of Sif Muna.
  1386 | D:2      | Found an iron altar of Okawaru.
  2402 | D:4      | Noticed Prince Ribbit
  2616 | D:3      | Killed Prince Ribbit
  2616 | D:3      | Reached skill level 5 in Dodging
  2616 | D:3      | Reached skill level 8 in Stealth
  2616 | D:3      | Reached XP level 5. HP: 11/26 MP: 9/9
  2616 | D:3      | Reached XP level 6. HP: 12/30 MP: 11/11
  3011 | D:4      | Noticed Menkaure
  3604 | D:4      | Killed Menkaure
  3604 | D:4      | Reached skill level 9 in Stealth
  4136 | D:4      | Reached XP level 7. HP: 26/35 MP: 13/13
  4479 | D:4      | Noticed Pikel
  4479 | D:4      | Noticed a slave
  4479 | D:4      | Noticed a slave
  4480 | D:4      | Noticed a slave
  4542 | D:4      | Noticed an ogre
  4561 | D:4      | Killed an ogre
  4573 | D:4      | Noticed a slave
  4605 | D:4      | Killed Pikel
  4605 | D:4      | Reached skill level 10 in Stealth
  4605 | D:4      | Reached XP level 8. HP: 14/39 MP: 15/15
  4660 | D:4      | Killed a freed slave
  4872 | D:4      | HP: 1/39 [orc wizard/magic dart (6)]
  4873 | D:4      | Killed from afar by an orc wizard

Action                   |  1- 3 |  4- 6 |  7- 9 || total
-------------------------+-------+-------+-------++-------
Melee: Dagger            |    56 |   168 |   111 ||   335
Throw: Dart              |       |    21 |     5 ||    26
       Dagger            |       |     3 |       ||     3
  Use: Potion            |       |     1 |     1 ||     2
 Stab: Sleeping          |     8 |    15 |     1 ||    24
       Distracted        |       |       |     1 ||     1
